 Dungeon Crawl Stone Soup version 0.23-a0-435-g79ed067 (webtiles) character file.

47 galech the Skirmisher (level 3, -1/29 HPs)
             Began as a Demonspawn Fighter on Nov 15, 2018.
             Splashed by Ijyb's acid (14 damage)
             ... on level 3 of the Dungeon.
             The game lasted 00:01:38 (1289 turns).

galech the Skirmisher (Demonspawn Fighter)          Turns: 1289, Time: 00:01:39

Health: -1/29      AC: 11    Str: 16    XL:     3   Next: 48%
Magic:  3/3        EV:  4    Int:  9    God:
Gold:   164        SH:  9    Dex: 13    Spells: 2/2 levels left

rFire    . . .     SeeInvis .   a - +0 war axe
rCold    . . .     Gourm    .   c - +0 shield
rNeg     . . .     Faith    .   e - +0 chain mail
rPois    .         Spirit   .   (no helmet)
rElec    .         Reflect  .   (no cloak)
rCorr    .         Harm     .   (no gloves)
MR       .....                  (no boots)
Stlth    ..........             (no amulet)
HPRegen  0.09/turn              (no ring)
MPRegen  0.08/turn              (no ring)

@: no status effects
A: molten scales 1, powered by pain 1
a: no special abilities


You were on level 3 of the Dungeon.
You were not hungry.

You visited 1 branch of the dungeon, and saw 3 of its levels.

You collected 164 gold pieces.

Inventory:

Hand Weapons
 a - a +0 war axe (weapon)
Armour
 c - a +0 shield (worn)
 e - a +0 chain mail (worn)
Jewellery
 n - an uncursed ring of flight {unknown}
Scrolls
 b - 3 scrolls of enchant armour {unknown}
 h - 2 scrolls of amnesia {unknown}
 i - 3 scrolls of identify {unknown}
 j - a scroll of teleportation {unknown}
 k - a scroll of remove curse {unknown}
Potions
 d - a potion of might
 l - 2 potions of agility {unknown}
 m - a potion of flight {unknown}
Comestibles
 f - 5 rations
 g - 2 chunks of flesh


   Skills:
 + Level 3.4 Fighting
 + Level 2.4 Axes
 + Level 3.0 Armour
 + Level 0.1 Stealth
 + Level 3.0 Shields


You had 2 spell levels left.
You didn't know any spells.
Your spell library was empty.

Dungeon Overview and Level Annotations

Branches:
Dungeon (3/15)

Altars:
Qazlal

Annotations:
D:3 Ijyb


Innate Abilities, Weirdness & Mutations

You are partially covered in molten scales. (AC +2)
You sometimes gain a little power by taking damage.


Message History

Some of the chunks of flesh in your inventory have rotted away.
Some of the chunks of flesh in your inventory have rotted away.
Done exploring.
Done exploring.
(D) Dungeon
Where to? (Enter - D:2, ? - help)
What level of the Dungeon? (default 1, ? - help) Some of the chunks of flesh in your inventory have rotted away.
There is a stone staircase leading down here.
You climb downwards.
An adder and Ijyb come into view.
Ijyb shouts!
The adder hisses angrily.
There is a stone staircase leading up here.
Ijyb drinks a potion.
Ijyb seems to speed up.
There is a stone staircase leading up here.
You block the adder's attack. The adder bites you but does no damage.
Ijyb zaps a wand.
The bolt of acid hits you!
Ouch! That really hurt!
You are splashed with acid!
The acid burns!
You die...

#.## #... #..###
#.... #...#
#.g.#
.######...###.##
#......@S.......
.######..##.####
##.# #.# #.# #.#
..# ###


You could see Ijyb and an adder.

Vanquished Creatures
  2 worms (D:2)
  A dart slug (D:1)
  2 leopard geckos
  6 bats
  4 giant cockroaches
  4 goblins (D:1)
  4 hobgoblins
  A quokka (D:2)
  3 frilled lizards
  5 kobolds
  3 rats (D:1)
35 creatures vanquished.

Notes
Turn   | Place    | Note
-------+----------+-------------------------------------------
     0 | D:1      | galech the Demonspawn Fighter began the quest for the Orb.
     0 | D:1      | Reached XP level 1. HP: 18/18 MP: 1/1
    40 | D:1      | Gained mutation: You are partially covered in molten
                  | scales. (AC +2) [demonic ancestry]
    40 | D:1      | Reached XP level 2. HP: 24/24 MP: 2/2
   467 | D:1      | Gained mutation: You sometimes gain a little power by
                  | taking damage. [demonic ancestry]
   467 | D:1      | Reached XP level 3. HP: 29/29 MP: 3/3
   692 | D:2      | Found a stormy altar of Qazlal.
  1286 | D:3      | Noticed Ijyb
  1289 | D:3      | Splashed by Ijyb's acid

Vault maps used:
D:1:      minmay_arrival_three_doors
D:2:      lemuel_doored_altar
D:3:      first_ration, uniq_terence, uniq_ijyb, uniq_natasha

Skill      XL: |  1  2  3 |
---------------+----------+-----
Axes           | 2 |  2.4
Armour         | 3 |  3.0
Shields        | 3 |  3.0
Fighting       | |  3.4
Stealth        | |  0.1

Action                   || total
-------------------------++-------
Melee: War axe           ||   116
  Eat: Chunk             ||     1
Armor: Scale mail        ||     9
       Chain mail        ||    66
Dodge: Dodged            ||    27
Block: Shield            ||    71

Table legend:
 A = Non-vault XP
 B = Vault XP
 C = Vault XP percentage of total XP
 D = Non-vault monster count
 E = Vault monster count
 F = Vault count percentage of total count
                 A         B        C        D         E       F
            +---------+---------+-------+---------+---------+-------
      Total |      68 |       0 |   0.0 |      35 |       0 |   0.0
            +---------+---------+-------+---------+---------+-------
        D:1 |      41 |       0 |   0.0 |      23 |       0 |   0.0
        D:2 |      27 |       0 |   0.0 |      12 |       0 |   0.0
            +---------+---------+-------+---------+---------+-------
